Map: Ascension to Aiur LE

Players

Lambo - Winner!

  • Race: Zerg Zerg
  • League: Master
  • Spawn Location: 5:00

soul

  • Race: Terran Terran
  • League: Grandmaster
  • Spawn Location: 11:00

VOD

Have the link to the VOD?

Description

Time

  • Played on: Dec. 2, 2017, 2:46 p.m.
  • Length: 10:39
Show
View Real Time Build Order
Export as new Build Order

Lambo Zerg - Winner!

Build Orders: Hatch First 

Get SALT Encoding   

  12  0:01  Drone  
  13  0:13  Overlord  
  13  0:17  Drone  
  14  0:31  Drone x2  
  14  0:35  Drone  
  17  0:51  Hatchery  
  17  0:54  Drone  
  18  0:57  Drone  
  18  1:08  Extractor  
  17  1:12  Spawning Pool  
  17  1:14  Drone  
  18  1:18  Drone  
  18  1:28  Drone  
  19  1:43  Overlord  
  19  1:50  Drone  
  20  1:59  Queen  
  23  2:01  Zergling x2  
  23  2:03  Queen, Zergling x2  
  26  2:11  Drone  
  26  2:14  Drone  
  28  2:24  Hatchery  
  28  2:28  Drone  
  28  2:30  Drone  
  29  2:37  Metabolic Boost  
  29  2:38  Drone  
  30  2:45  Pneumatized Carapace  
  30  2:48  Drone  
  31  2:52  Overlord  
  31  2:56  Drone  
  31  2:58  Drone  
  33  3:02  Drone  
  33  3:05  Drone  
  35  3:10  Drone x2  
  37  3:15  Drone  
  37  3:16  Drone x2  
  37  3:19  Queen  
  40  3:23  Drone x2  
  44  3:27  Overlord  
  44  3:35  Queen  
  46  3:42  Queen  
  46  3:44  Drone x2  
  46  3:46  Overlord  
  50  3:52  Baneling Nest, Zergling x4  
  50  3:55  Zergling x4  
  53  4:00  Drone x3  
  56  4:10  Queen, Overlord  
  56  4:14  Queen  
  56  4:15  Drone  
  61  4:20  Overlord  
  61  4:21  Drone x2  
  63  4:28  Zergling x4  
  65  4:33  Drone  
  65  4:35  Drone x3  
  68  4:38  Baneling x2  
  68  4:39  Baneling  
  68  4:41  Drone x4  
  72  4:46  Drone x4  
  72  4:48  Overlord  
  72  4:49  Extractor  
  75  4:57  Drone  
  75  4:58  Drone  
  75  5:03  Drone x3  
  72  5:12  Drone x2  
  70  5:15  Drone  
  70  5:18  Lair  
  67  5:23  Drone x4  
  67  5:26  Drone  
  69  5:30  Drone  
  70  5:36  Zergling x8  
  70  5:37  Drone  
  70  5:38  Drone  
  70  5:42  Extractor x2  
  74  5:45  Drone  
  75  5:51  Queen  
  75  5:53  Hatchery  
  75  5:54  Drone x2  
  75  5:56  Drone  
  75  5:57  Drone  
  80  6:01  Evolution Chamber  
  80  6:02  Drone  
  80  6:03  Evolution Chamber, Drone x3  
  82  6:07  Drone x3  
  82  6:08  Drone x2  
  87  6:12  Extractor x2  
  87  6:14  Drone x3  
  87  6:16  Centrifical Hooks  
  87  6:18  Hydralisk Den  
  87  6:20  Overlord  
  87  6:21  Drone  
  88  6:27  Drone  
  88  6:29  Overlord  
  89  6:33  Zerg Missile Weapons Level 1, Zerg Ground Armor Level 1, Overlord  
  89  6:35  Overlord  
  89  6:38  Queen  
  91  6:44  Zergling x14  
  98  6:47  Overlord  
  98  6:51  Hydralisk x3  
  104  6:55  Muscular Augments  
  104  6:56  Hydralisk  
  104  6:59  Hydralisk x2  
  110  7:04  Hydralisk x2  
  114  7:08  Hydralisk x2  
  114  7:12  Baneling x4  
  118  7:15  Hydralisk  
  118  7:18  Overlord  
  120  7:23  Hydralisk x2  
  120  7:27  Baneling x2  
  124  7:32  Hydralisk x2  
  124  7:33  Zergling x4  
  124  7:35  Hydralisk  
  124  7:42  Hydralisk x2  
  124  7:43  Zergling x6  
  110  7:44  Hydralisk  
  110  7:49  Hydralisk  
  110  7:50  Zergling x4  
  114  7:55  Zergling x6  
  114  7:56  Zergling x16  
  115  8:00  Queen  
  115  8:01  Hydralisk  
  115  8:02  Zergling x6  
  115  8:03  Hydralisk  
  117  8:09  Hydralisk x3  
  123  8:21  Hydralisk x5  
  123  8:26  Hydralisk x2  
  123  8:27  Hydralisk  
  133  8:33  Hydralisk x2  
  143  8:44  Overlord  
  143  8:45  Overlord x2  
  143  8:50  Overlord  
  143  9:00  Baneling x9  
  143  9:01  Baneling x3  
  143  9:02  Queen  
  145  9:03  Overlord  
  145  9:04  Overlord  
  145  9:05  Hydralisk, Zergling x12  
  145  9:08  Hydralisk x2  
  157  9:11  Hydralisk, Baneling x2  
  159  9:20  Hydralisk x2  
  161  9:25  Hydralisk x3  
  161  9:28  Hydralisk  
  161  9:29  Zergling x4  
  163  9:35  Hydralisk x2, Zergling x2  
  154  9:44  Drone  
  154  9:45  Drone x5  
  157  9:47  Extractor x2, Infestation Pit, Drone x2  
  157  9:49  Drone x2  
  157  9:52  Drone x2  
  160  9:59  Hydralisk x3  
  158  10:00  Zergling x4  
  158  10:04  Overlord  
  158  10:14  Zergling x14  
Show
View Real Time Build Order
Export as new Build Order

soul Terran 

Build Orders: Gas First Reaper Expand, Liberator Opening, Reaper Expand, Mech 

Get SALT Encoding   

  12  0:00  SCV  
  13  0:12  SCV  
  14  0:17  Supply Depot  
  14  0:24  SCV  
  15  0:29  Refinery  
  15  0:38  SCV  
  16  0:44  Barracks  
  16  0:50  SCV  
  17  1:03  SCV  
  18  1:16  SCV  
  19  1:31  Reaper, Orbital Command  
  20  1:44  Command Center  
  20  1:54  Factory  
  20  1:58  SCV  
  21  2:04  Refinery  
  21  2:07  Barracks Reactor  
  21  2:10  SCV  
  22  2:16  Supply Depot  
  22  2:22  SCV  
  23  2:37  SCV  
  23  2:39  Starport  
  24  2:49  SCV  
  24  2:50  Hellion x2  
  29  2:57  Orbital Command  
  29  3:02  SCV  
  30  3:11  Hellion  
  30  3:12  Hellion  
  34  3:15  Medivac  
  34  3:18  SCV  
  37  3:23  SCV  
  37  3:25  Supply Depot  
  38  3:30  SCV  
  38  3:32  Liberator  
  39  3:35  SCV  
  39  3:37  Hellion  
  39  3:39  Hellion  
  44  3:42  SCV  
  44  3:47  SCV  
  46  3:54  SCV  
  50  3:56  Supply Depot  
  50  3:58  Armory  
  50  3:59  SCV  
  51  4:06  SCV  
  51  4:09  Hellion  
  54  4:18  SCV x2, Hellion  
  54  4:20  Supply Depot  
  58  4:30  SCV x2  
  60  4:42  SCV x2  
  60  4:44  Command Center  
  62  4:47  Supply Depot  
  62  4:52  Refinery  
  62  4:53  Refinery  
  62  4:54  SCV x2  
  62  4:55  Terran Vehicle Weapons Level 1  
  63  5:02  Hellion x2  
  63  5:06  SCV x2  
  63  5:12  Factory x2  
  57  5:18  SCV x2  
  53  5:25  Barracks Tech Lab, Starport Tech Lab, Hellion x2  
  54  5:30  SCV  
  54  5:31  SCV  
  54  5:34  Supply Depot  
  56  5:42  SCV  
  57  5:43  SCV  
  57  5:46  Hellion x2  
  62  5:53  Starport Reactor  
  62  5:54  SCV  
  62  5:55  SCV  
  64  5:57  Supply Depot  
  64  6:03  Thor  
  71  6:05  Orbital Command  
  71  6:07  Thor  
  71  6:09  Hellion x2  
  80  6:12  SCV  
  82  6:18  SCV  
  82  6:24  Factory  
  82  6:26  Factory  
  82  6:29  Medivac  
  82  6:30  Medivac, Refinery  
  82  6:32  Hellion x2  
  90  6:34  SCV x2, Refinery  
  90  6:36  Orbital Command  
  90  6:39  Infernal Pre-Igniter  
  92  6:46  SCV  
  93  6:48  Supply Depot  
  93  6:54  Terran Vehicle Weapons Level 2  
  93  6:57  Hellion  
  93  6:59  Hellion  
  93  7:01  SCV x3  
  100  7:10  Supply Depot  
  100  7:13  SCV x3  
  103  7:16  Siege Tank, Supply Depot  
  103  7:17  Factory Tech Lab, Factory Reactor  
  103  7:19  Siege Tank  
  109  7:25  SCV x2  
  109  7:26  SCV  
  112  7:34  Supply Depot  
  110  7:37  SCV x2  
  110  7:39  SCV, Siege Tank  
  110  7:40  Hellion  
  104  7:46  Hellion  
  104  7:48  Siege Tank  
  104  7:49  SCV x2  
  104  7:51  SCV, Siege Tank  
  107  7:59  Viking  
  107  8:00  Viking  
  107  8:01  Hellion  
  107  8:02  SCV, Hellion  
  104  8:10  Command Center, Hellion  
  104  8:11  Siege Tank  
  109  8:13  Hellion  
  111  8:20  Siege Tank, SCV  
  111  8:22  Hellion  
  111  8:23  SCV, Factory  
  111  8:24  Factory  
  111  8:25  Supply Depot  
  118  8:28  Siege Tank  
  118  8:29  Hellion  
  123  8:35  SCV  
  123  8:38  Supply Depot  
  123  8:39  Viking, Hellion  
  128  8:43  Viking  
  128  8:44  Siege Tank  
  133  8:49  Supply Depot  
  133  8:52  Hellion  
  133  8:53  SCV  
  133  8:55  Hellion  
  138  8:57  Siege Tank  
  138  8:58  Hellion  
  138  9:01  Supply Depot  
  143  9:03  Supply Depot x2  
  143  9:07  Orbital Command  
  143  9:09  Viking, Factory Tech Lab x2  
  145  9:12  Siege Tank  
  145  9:13  Hellion  
  152  9:17  Hellion  
  152  9:23  Hellion  
  136  9:54  Engineering Bay  
  130  10:01  Siege Tank  
  125  10:20  Command Center  
Tags
 
Add a new tag
Caveats
  • Supply blocks, unpowered buildings, or Contaminate may cause inaccurate times.
  • Supply counts are checked every 10 seconds.